 Dungeon Crawl Stone Soup version 0.28-a0-793-g31680bbd8b (webtiles) character file.

Game seed: 16702769439766891821

142 Ijustatesigmund the Covert (level 5, -1/47 HPs)
             Began as a Gnoll Delver on Nov 4, 2021.
             Slain by a kobold brigand (7 damage)
             ... in a sewer.
             The game lasted 00:05:58 (1712 turns).

Ijustatesigmund the Covert (Gnoll Delver)           Turns: 1712, Time: 00:05:59

Health: -1/47      AC:  3    Str: 11    XL:     5   Next: 25%
Magic:  7/7        EV: 10    Int: 11    God:
Gold:   79         SH:  8    Dex: 13    Spells: 6/6 levels left

rFire   . . .      SeeInvis .   d - +3 short sword (vamp)
rCold   . . .      Faith    .   l - +1 kite shield
rNeg    . . .      Spirit   .   b - +0 leather armour
rPois   .          Reflect  .   (no helmet)
rElec   .          Harm     .   (no cloak)
rCorr   .          Rampage  .   (no gloves)
Will    .....                   (no boots)
Stlth   ++++......              (no amulet)
HPRegen 0.15/turn               (no ring)
MPRegen 0.10/turn               (no ring)

@: no status effects
A: fangs 1, strong nose, distributed training
a: no special abilities


You were in a sewer.
You visited 2 branches of the dungeon, and saw 4 of its levels.
You also visited: Sewer.

You collected 79 gold pieces.

Inventory:

Hand Weapons
 a - a +0 hand axe
 d - a +3 vampiric short sword (weapon)
 m - a +0 hand crossbow
Missiles
 n - 6 bolts
Armour
 b - a +0 leather armour (worn)
 l - a +1 kite shield (worn)
Wands
 g - a wand of digging (3)
Scrolls
 c - a scroll of fog
 i - a scroll of vulnerability
 q - a scroll of identify {unknown}


   Skills:
 + Level 6.7 Fighting
 + Level 1.4 Short Blades
 + Level 1.4 Long Blades
 + Level 4.7 Axes
 + Level 1.4 Maces & Flails
 + Level 1.4 Polearms
 + Level 1.4 Staves
 + Level 1.4 Slings
 + Level 1.4 Bows
 + Level 1.4 Crossbows
 + Level 1.4 Throwing
 + Level 1.4 Armour
 + Level 4.7 Dodging
 + Level 9.7 Stealth
 + Level 1.4 Shields
 + Level 1.4 Unarmed Combat
 + Level 1.4 Spellcasting
 + Level 1.1 Conjurations
 + Level 1.1 Hexes
 + Level 1.1 Summonings
 + Level 1.1 Necromancy
 + Level 1.1 Translocations
 + Level 1.1 Transmutations
 + Level 1.1 Fire Magic
 + Level 1.1 Ice Magic
 + Level 1.1 Air Magic
 + Level 1.1 Earth Magic
 + Level 1.1 Poison Magic
 + Level 1.6 Invocations
 + Level 1.4 Evocations


You had 6 spell levels left.
You didn't know any spells.
Your spell library was empty.

Dungeon Overview and Level Annotations

Branches:
Dungeon (5/15)             Temple (1/1) D:5           Sewer (1/1)

Altars:
Ashenzari
Cheibriados
Dithmenos
Elyvilon
Fedhas
Gozag
Hepliaklqana
Makhleb
Nemelex Xobeh
Okawaru
Qazlal
Ru
Sif Muna
Trog
Uskayaw
Vehumet
Wu Jian
Xom
Yredelemnul
Zin
The Shining One


Innate Abilities, Weirdness & Mutations

You have very sharp teeth.
Your uncanny sense of smell can sniff out nearby items.
Your experience applies equally to all skills.


Message History

The curare-tipped dart misses you.
There is an open door here.
You barely miss the kobold.
Your attack snaps the kobold out of its fear.
The kobold hits you with a +2 dagger of protection.
The kobold brigand hits you with a +0 dagger.
The kobold brigand hits you with a +0 short sword.
The kobold hits you with a +2 dagger of protection.
The kobold shouts!
As you read the scroll labelled JEFYBL DEPRE, it crumbles to dust.
Your attack snaps the kobold out of its fear.
Magic quickly surges around you.
It was a scroll of vulnerability.
The kobold brigand hits you with a +0 dagger.
The kobold hits you but does no damage. The kobold barely misses you.
The kobold brigand barely misses you.
As you read the scroll labelled LEUSEI GOUZXUS, it crumbles to dust.
It is a scroll of enchant armour.
Your +0 kite shield glows green for a moment.
The kobold brigand hits you with a +0 dagger.
The kobold hits you with a +0 club.
* * * LOW HITPOINT WARNING * * *
The kobold hits you but does no damage. You block the kobold brigand's attack.
As you read the scroll labelled ACUPOIJOMM, it crumbles to dust.
It is a scroll of enchant weapon.
Your +2 vampiric short sword glows red for a moment.
You block the kobold brigand's attack. The kobold hits you with a +0 club.
* * * LOW HITPOINT WARNING * * *
The kobold barely misses you.
The kobold brigand hits you with a +0 short sword.
* * * LOW HITPOINT WARNING * * *
It was a potion of cancellation.
Your magical effects are unravelling.
You feel magically purged.
You feel your willpower return.
The kobold brigand hits you but does no damage.
The kobold hits you with a +0 club.
* * * LOW HITPOINT WARNING * * *
You block the kobold's attack.
The kobold brigand hits you with a +0 short sword!
You die...

.≈≈≈≈≈ ##..#
≈≈≈≈≈≈≈##..##
≈≈≈≈≈≈≈#....#
≈≈≈≈≈....##
≈≈≈≈.≈....#
≈≈≈≈≈≈≈...#
≈≈≈≈≈≈....#
≈≈≈≈≈≈≈KK.#
≈≈≈≈≈###@##
≈≈≈≈≈#..KK.#
≈≈≈ #..(..#
≈≈ ##.(.##
!...) #!?#)!#
### ### ≈≈≈
≈≈≈


You could see 2 kobold brigands and 2 kobolds.

Vanquished Creatures
  5 adders
  7 river rats (Sewer)
  A worm (D:3)
  A hobgoblin (D:3)
  6 ball pythons
  A bat (D:3)
  A frilled lizard (Sewer)
  6 kobolds
  14 rats
42 creatures vanquished.

Notes
Turn   | Place    | Note
-------+----------+-------------------------------------------
     0 | D:5      | Reached skill level 9 in Stealth
     0 | D:5      | Ijustatesigmund the Gnoll Delver began the quest for the
                  | Orb.
     0 | D:5      | Reached XP level 1. HP: 23/23 MP: 1/1
     7 | D:5      | Found a staircase to the Ecumenical Temple.
    19 | Temple   | Entered the Ecumenical Temple
   358 | D:4      | Reached XP level 2. HP: 29/29 MP: 2/2
   699 | D:3      | Reached XP level 3. HP: 23/35 MP: 3/3
   930 | D:3      | Found a glowing drain.
   942 | Sewer    | Entered a sewer
   952 | Sewer    | Reached skill level 1 in Invocations
   990 | Sewer    | Reached skill level 1 in Short Blades
   990 | Sewer    | Reached skill level 1 in Long Blades
   990 | Sewer    | Reached skill level 1 in Maces & Flails
   990 | Sewer    | Reached skill level 1 in Polearms
   990 | Sewer    | Reached skill level 1 in Staves
   990 | Sewer    | Reached skill level 1 in Slings
   990 | Sewer    | Reached skill level 1 in Bows
   990 | Sewer    | Reached skill level 1 in Crossbows
   990 | Sewer    | Reached skill level 1 in Throwing
   990 | Sewer    | Reached skill level 1 in Armour
   990 | Sewer    | Reached skill level 1 in Shields
   990 | Sewer    | Reached skill level 1 in Unarmed Combat
   990 | Sewer    | Reached skill level 1 in Spellcasting
   990 | Sewer    | Reached skill level 1 in Evocations
  1057 | Sewer    | Reached XP level 4. HP: 41/41 MP: 5/5
  1108 | Sewer    | Reached skill level 1 in Conjurations
  1108 | Sewer    | Reached skill level 1 in Hexes
  1108 | Sewer    | Reached skill level 1 in Summonings
  1108 | Sewer    | Reached skill level 1 in Necromancy
  1108 | Sewer    | Reached skill level 1 in Translocations
  1108 | Sewer    | Reached skill level 1 in Transmutations
  1108 | Sewer    | Reached skill level 1 in Fire Magic
  1108 | Sewer    | Reached skill level 1 in Ice Magic
  1108 | Sewer    | Reached skill level 1 in Air Magic
  1108 | Sewer    | Reached skill level 1 in Earth Magic
  1108 | Sewer    | Reached skill level 1 in Poison Magic
  1355 | Sewer    | Reached XP level 5. HP: 29/47 MP: 6/6
  1688 | Sewer    | Noticed a kobold brigand
  1688 | Sewer    | Noticed a kobold brigand
  1712 | Sewer    | Slain by a kobold brigand

Illustrated notes

Levels and vault maps discovered:
D:3:      layout_basic, portal_sewer_entry_d, uniq_ijyb
D:4:      layout_loops_cross, chequers_serial_rivers_micro_c, uniq_robin,
          uniq_sigmund
D:5:      layout_gridville, minmay_temple_entry_ruins, serial_shops,
          nicolae_shop_window_shopping
Temple:   kilobyte_greek_temple
Sewer:    sewer_minmay_treatment

Skill      XL: |  1  2  3  4 |
---------------+-------------+-----
Stealth        | |  9.7
Invocations    | 1 |  1.6
Short Blades   | 1 |  1.4
Long Blades    | 1 |  1.4
Maces & Flails | 1 |  1.4
Polearms       | 1 |  1.4
Staves         | 1 |  1.4
Slings         | 1 |  1.4
Bows           | 1 |  1.4
Crossbows      | 1 |  1.4
Throwing       | 1 |  1.4
Armour         | 1 |  1.4
Shields        | 1 |  1.4
Unarmed Combat | 1 |  1.4
Spellcasting   | 1 |  1.4
Evocations     | 1 |  1.4
Conjurations   | 1 |  1.1
Hexes          | 1 |  1.1
Summonings     | 1 |  1.1
Necromancy     | 1 |  1.1
Translocations | 1 |  1.1
Transmutations | 1 |  1.1
Fire Magic     | 1 |  1.1
Ice Magic      | 1 |  1.1
Air Magic      | 1 |  1.1
Earth Magic    | 1 |  1.1
Poison Magic   | 1 |  1.1
Fighting       | |  6.7
Axes           | |  4.7
Dodging        | |  4.7

Action                   |  1- 3 |  4- 6 || total
-------------------------+-------+-------++-------
Melee: Hand axe          |    22 |    30 ||    52
       Bite              |     2 |     2 ||     4
       Short sword       |       |    42 ||    42
 Fire: Hand crossbow     |    25 |    19 ||    44
  Use: Scroll            |     1 |     4 ||     5
       Potion            |       |     5 ||     5
 Stab: Sleeping          |     1 |     3 ||     4
Armor: Leather armour    |     4 |    10 ||    14
Dodge: Dodged            |    13 |    50 ||    63
Block: Kite shield       |     4 |    35 ||    39

Table legend: (Time is in decaauts)
 A = Elapsed time spent in this place.
 B = Non-inter-level travel time spent in this place.
 C = Inter-level travel time spent in this place.
 D = Time resting spent in this place.
 E = Time spent auto-exploring this place.
 F = Levels seen in this place.
 G = Mean time per level.
                   A        B        C        D        E       F      G
               +--------+--------+--------+--------+--------+-----+--------+
         Total |   1760 |   1736 |     24 |    605 |    493 |   5 |  352.0 |
       Dungeon |    713 |    712 |      1 |    203 |    208 |   3 |  237.7 |
        Temple |    239 |    216 |     23 |      0 |    201 |   1 |  239.0 |
         Sewer |    807 |    807 |      0 |    402 |     84 |   1 |  807.0 |
               +--------+--------+--------+--------+--------+-----+--------+

Top non-repeatable levels by time:
   Sewer: 807 daAuts
     D:4: 338 daAuts
     D:3: 263 daAuts
  Temple: 239 daAuts
     D:5: 111 daAuts
